[Event "Titled Tuesday Blitz April 4 Early 2023"]
[White "Cherniaiev, Tykhon"]
[Black "Mayaud, Raphael"]
[WhiteFideId "14182360"]
[BlackFideId "627151"]
[WhiteElo "2450"]
[BlackElo "2191"]
[Result "1-0"]
[Round "01"]
[TimeControl "180+2"]
[Date "2023.04.04"]
[WhiteClock "0:00:03"]
[BlackClock "0:00:10"]

1. Nf3 d5 2. d4 Nf6 3. c4 c6 4. e3 g6 5. Nbd2 Bg7 6. Bd3 O-O 7. O-O b6 8. e4 dxe4 9. Nxe4 Bb7 10. Re1 Nbd7 11. b3 Nxe4 12. Bxe4 Nf6 13. Bc2 e6 14. Ba3 Re8 15. Ne5 Nd7 16. Qf3 Nxe5 17. dxe5 Qg5 18. Bd6 Rad8 19. Rad1 Ba8 20. Be4 c5 21. Bxa8 Rxa8 22. Qb7 h5 23. Re3 h4 24. Rf3 f5 25. exf6 Bxf6 26. Bf4 Qg4 27. h3 Qh5 28. Rd7 Bd4 29. Be3 Bh8 30. Rff7 Rf8 31. Rxf8+ Rxf8 32. Qe4 Qf5 33. Qxh4 Bg7 34. Qe7 Qe5 35. g3 Qa1+ 36. Kh2 Qe5 37. Qd6 Qf6 38. Rxa7 g5 39. Rd7 g4 40. Qe7 Qh6 41. Bxh6 1-0


[Site "https://www.chess.com"]

[Event "Titled Tuesday Blitz April 4 Early 2023"]
[White "Kubatko, Ivan"]
[Black "Beerdsen, Thomas"]
[WhiteFideId "24111473"]
[BlackFideId "1030108"]
[WhiteElo "2285"]
[BlackElo "2547"]
[Result "1/2-1/2"]
[Round "01"]
[TimeControl "180+2"]
[Date "2023.04.04"]
[WhiteClock "0:00:05"]
[BlackClock "0:00:08"]

1. e4 c5 2. c3 b6 3. d4 Bb7 4. Bd3 cxd4 5. cxd4 Nc6 6. Nf3 Nb4 7. Nc3 Nxd3+ 8. Qxd3 Nf6 9. d5 e6 10. Bg5 h6 11. Bh4 g5 12. Bg3 exd5 13. e5 Ne4 14. Nxd5 Nc5 15. Qd2 Bg7 16. O-O O-O 17. Rfe1 Re8 18. b4 Ne6 19. Rad1 Rc8 20. a3 a5 21. h4 g4 22. Nh2 h5 23. Nf1 axb4 24. axb4 Bxd5 25. Qxd5 Qe7 26. Ne3 Qxb4 27. Nf5 Bf8 28. Qxd7 Rcd8 29. Qb7 Rxd1 30. Rxd1 Qb3 31. Qd5 Qxd5 32. Rxd5 Rb8 33. Rb5 Nc7 34. Rb1 Ne6 35. Ne3 b5 36. Nd5 b4 37. f3 b3 38. Be1 gxf3 39. gxf3 Nd4 40. Kg2 Nf5 41. Bf2 b2 42. Nf6+ Kh8 43. Nd7 Rd8 44. Nxf8 Rxf8 45. Rxb2 Re8 46. f4 Kg8 47. Rb7 Rc8 48. Kf3 Rc4 49. Rb1 Ra4 50. Rd1 Kf8 51. Rg1 f6 52. exf6 Kf7 53. Rg5 Kxf6 54. Rxh5 Ra3+ 55. Ke2 Ra2+ 56. Kf1 Nd6 57. Re5 Nc4 58. Re2 Ra4 59. Kg2 Nd6 60. Kf3 Nf7 61. h5 Ra3+ 62. Re3 Ra2 63. Bh4+ Kf5 64. Bg3 Ra1 65. Rb3 Rf1+ 66. Kg2 Rc1 67. Kf3 Rf1+ 68. Bf2 Rc1 69. Rb5+ Kf6 70. Rb6+ Kf5 71. Rb5+ Kf6 72. Be3 Rf1+ 73. Ke2 Rh1 74. Kf3 Rh3+ 75. Kf2 Nd6 76. Rb6 Ke6 77. Bc5 Rxh5 78. Bxd6 Kf5 79. Be5 Kg4 80. Rb3 Rh2+ 81. Kg1 Re2 82. Rb1 Kg3 83. f5+ Rxe5 84. f6 Re8 85. Rf1 Rf8 86. f7 Kg4 87. Kg2 Kg5 88. Kg3 Kg6 89. Kg4 Kg7 90. Rf4 Rxf7 91. Rxf7+ Kxf7 1/2-1/2


[Site "https://www.chess.com"]

[Event "Titled Tuesday Blitz April 4 Early 2023"]
[White "Bocharov, Dmitry"]
[Black "Rios Escobar, Adan"]
[WhiteFideId "4138716"]
[BlackFideId "3403645"]
[WhiteElo "2469"]
[BlackElo "2415"]
[Result "1-0"]
[Round "01"]
[TimeControl "180+2"]
[Date "2023.04.04"]
[WhiteClock "0:01:55"]
[BlackClock "0:00:02"]

1. c4 Nf6 2. g3 g6 3. Bg2 Bg7 4. Nc3 O-O 5. d4 c5 6. Nf3 cxd4 7. Nxd4 Nc6 8. Nc2 d6 9. b3 Qa5 10. Bd2 Qh5 11. h3 h6 12. Rc1 Bd7 13. Ne3 g5 14. Ned5 Nxd5 15. Nxd5 e6 16. Ne3 Rab8 17. Bc3 Ne5 18. Qxd6 Rfd8 19. Bxe5 Bc6 20. Qc5 Bxg2 21. Nxg2 Rbc8 22. Qe3 b5 23. Bxg7 Kxg7 24. g4 Qg6 25. O-O bxc4 26. Rxc4 Rxc4 27. bxc4 Qf6 28. Rc1 e5 29. c5 Qc6 30. Qxe5+ Kg8 31. Ne3 Rd2 32. Nf5 f6 33. Ne7+ Kf7 34. Nxc6 fxe5 35. Nxe5+ Ke6 36. c6 Rd8 37. Nf3 Rc8 38. e3 Kd5 39. Nd4 a5 40. a4 h5 41. c7 hxg4 42. hxg4 Kd6 43. Nb5+ Kd5 44. Rd1+ Ke4 45. Nd6+ Kf3 46. Nxc8 Ke2 47. Rd4 1-0


[Site "https://www.chess.com"]

[Event "Titled Tuesday Blitz April 4 Early 2023"]
[White "Gatterer, Florian"]
[Black "Riff, Vincent"]
[WhiteFideId "811688"]
[BlackFideId "617776"]
[WhiteElo "2221"]
[BlackElo "2369"]
[Result "0-1"]
[Round "01"]
[TimeControl "180+2"]
[Date "2023.04.04"]
[WhiteClock "0:00:01"]
[BlackClock "0:00:29"]

1. Nf3 Nf6 2. g3 d5 3. Bg2 c6 4. c4 g6 5. b3 Bg7 6. Bb2 O-O 7. O-O Bg4 8. d4 Nbd7 9. Nc3 Nb6 10. c5 Nbd7 11. h3 Bxf3 12. Bxf3 e5 13. e3 exd4 14. exd4 Ne8 15. Bg2 Nc7 16. Qd2 Ne6 17. Ne2 Qf6 18. Rab1 Rfe8 19. Rfe1 Ng5 20. b4 Nf3+ 21. Bxf3 Qxf3 22. Nf4 Nf6 23. Rxe8+ Rxe8 24. Re1 Ne4 25. Qe2 Qxe2 26. Rxe2 Ra8 27. a4 a5 28. b5 Bh6 29. Nd3 cxb5 30. axb5 a4 31. Ba3 Nc3 32. Rb2 Bg7 33. Ne5 Re8 34. c6 bxc6 35. bxc6 Bxe5 36. dxe5 Rc8 37. Be7 a3 38. Rb7 a2 39. Ra7 f5 40. Bf6 Rxc6 41. e6 Ne2+ 42. Kg2 Rxe6 43. Rxa2 Nf4+ 44. gxf4 Rxf6 45. Ra8+ Kg7 46. Rd8 Ra6 47. Rxd5 Kh6 48. Kg3 Ra3+ 49. f3 Ra1 50. Rd7 Rg1+ 51. Kf2 Rh1 52. Kg2 Ra1 53. Kg3 Ra8 54. Kg2 Rg8 55. Kg3 Rg7 56. Rd8 Rc7 57. Rd6 Kg7 58. Rd8 Kf6 59. Rb8 Ke6 60. Rb6+ Kd5 61. Rb3 Kd4 62. Rb1 Kd3 63. Rd1+ Ke2 64. Rd5 Rc3 65. Re5+ Kf1 66. Ra5 Re3 67. Ra1+ Re1 68. Ra2 Re7 69. Ra6 Ke2 70. Ra2+ Kd3 71. Ra3+ Kc2 72. Ra4 Re3 73. Rc4+ Kd1 74. Ra4 Rd3 75. Ra1+ Ke2 76. Ra2+ Rd2 77. Ra3 Kf1 78. Ra1+ Ke2 79. Ra3 h6 80. Ra1 Rd3 81. Ra2+ Ke3 82. Rf2 g5 83. fxg5 hxg5 84. Ra2 Rc3 85. Rb2 Rc4 86. Rb3+ Kd4 87. Rb2 Ke5 88. Re2+ Kf6 89. Ra2 Kg6 90. Ra6+ Kh5 91. Ra8 f4+ 92. Kg2 Rc2+ 93. Kg1 Kh4 94. Rh8+ Kg3 95. Kf1 Kxf3 96. Ke1 Kg3 97. Rh5 Rc5 98. h4 Re5+ 99. Kf1 Kf3 0-1


[Site "https://www.chess.com"]

[Event "Titled Tuesday Blitz April 4 Early 2023"]
[White "Prohaszka, Peter"]
[Black "Bowden, Karl"]
[WhiteFideId "726265"]
[BlackFideId "400548"]
[WhiteElo "2626"]
[BlackElo "2412"]
[Result "0-1"]
[Round "01"]
[TimeControl "180+2"]
[Date "2023.04.04"]
[WhiteClock "0:00:01"]
[BlackClock "0:00:13"]

1. d4 Nf6 2. Bf4 c6 3. c3 Qb6 4. Qb3 d6 5. Nd2 Be6 6. c4 Na6 7. e3 Qxb3 8. axb3 Nh5 9. Bg5 h6 10. Bh4 g5 11. Be2 gxh4 12. Bxh5 Nb4 13. Ke2 Rg8 14. Bf3 a5 15. Ra4 Kd7 16. Nh3 Bxh3 17. gxh3 b6 18. Rha1 Rc8 19. c5 dxc5 20. dxc5 bxc5 21. Rxa5 e6 22. Ne4 Be7 23. Ra7+ Kd8 24. Rd1+ Nd5 25. Nd2 Rc7 26. Ra8+ Rc8 27. Ra4 Bf6 28. Nc4 Ke7 29. e4 Nf4+ 30. Kf1 Bd4 31. Ra7+ Kf6 32. Nd6 Rcf8 33. b4 Rg7 34. bxc5 Bxc5 35. Ra5 Rfg8 36. Bg4 Bxd6 37. Rxd6 h5 38. e5+ Kg5 39. Bf3 Kf5 40. Ke1 Rg1+ 41. Kd2 Rb8 42. Kc2 Rf1 43. Bd1 Rxf2+ 44. Kc3 Rbxb2 0-1


[Site "https://www.chess.com"]

[Event "Titled Tuesday Blitz April 4 Early 2023"]
[White "Melikhov, Evgeny V."]
[Black "Krysa, Leandro"]
[WhiteFideId "4122046"]
[BlackFideId "116807"]
[WhiteElo "2158"]
[BlackElo "2489"]
[Result "0-1"]
[Round "01"]
[TimeControl "180+2"]
[Date "2023.04.04"]
[WhiteClock "0:00:19"]
[BlackClock "0:00:32"]

1. d4 Nf6 2. c4 g6 3. Nc3 d5 4. Nf3 Bg7 5. e3 O-O 6. Be2 c5 7. O-O cxd4 8. exd4 Nc6 9. Re1 b6 10. Ne5 Bb7 11. Bf3 Na5 12. b4 Nxc4 13. Nxc4 Rc8 14. Nxd5 Bxd5 15. Ne5 Bxf3 16. Nxf3 Nd5 17. a3 Qd6 18. Be3 Rc3 19. Qd2 Rfc8 20. Rec1 b5 21. Rxc3 Rxc3 22. Rc1 Rc4 23. Rxc4 bxc4 24. Qc2 c3 25. Ne1 Qa6 26. Qa2 e6 27. Nc2 Qe2 28. h4 Nxe3 29. fxe3 Bh6 30. Qb3 Bxe3+ 31. Nxe3 Qxe3+ 32. Kh2 Qf4+ 33. Kg1 Qxd4+ 34. Kf1 Qd3+ 35. Kf2 Qd2+ 36. Kf3 c2 0-1


[Site "https://www.chess.com"]

[Event "Titled Tuesday Blitz April 4 Early 2023"]
[White "Yanchenko, Roman"]
[Black "Kopczynski, Michal"]
[WhiteFideId "4137329"]
[BlackFideId "1124200"]
[WhiteElo "2491"]
[BlackElo "2212"]
[Result "1-0"]
[Round "01"]
[TimeControl "180+2"]
[Date "2023.04.04"]
[WhiteClock "0:02:13"]
[BlackClock "0:01:04"]

1. d4 Nf6 2. Nf3 g6 3. c4 Bg7 4. Nc3 d6 5. Bf4 O-O 6. e3 Nfd7 7. Be2 Nc6 8. O-O e5 9. Bg3 f5 10. dxe5 Ndxe5 11. Nxe5 Nxe5 12. Rc1 Be6 13. b3 Kh8 14. Qd2 g5 15. Rfd1 Qf6 16. f4 Ng6 17. Nd5 Bxd5 18. Qxd5 Rae8 19. Bh5 Rxe3 20. Bxg6 Qxg6 21. Qxb7 gxf4 22. Bxf4 Re2 23. Rd2 Rxd2 24. Bxd2 f4 25. Qf3 Be5 26. Bc3 Re8 27. Re1 Bd4+ 28. Bxd4+ 1-0


[Site "https://www.chess.com"]

[Event "Titled Tuesday Blitz April 4 Early 2023"]
[White "Hajiyev, Kanan"]
[Black "De La Colina, Nicolas"]
[WhiteFideId "13404148"]
[BlackFideId "30946921"]
[WhiteElo "2103"]
[BlackElo "2046"]
[Result "1-0"]
[Round "01"]
[TimeControl "180+2"]
[Date "2023.04.04"]
[WhiteClock "0:00:14"]
[BlackClock "0:00:04"]

1. d4 g6 2. Nf3 Bg7 3. g3 Nf6 4. Bg2 O-O 5. O-O d6 6. b3 c5 7. Bb2 cxd4 8. Nxd4 e5 9. Nb5 Ne8 10. Ba3 Nc6 11. Nxd6 Nxd6 12. Qxd6 Qa5 13. Qd5 Qxd5 14. Bxd5 Rd8 15. Bxc6 bxc6 16. Bb2 Bf5 17. Na3 Rd2 18. e3 Rad8 19. Rac1 f6 20. Bc3 R2d5 21. f3 R5d7 22. e4 Be6 23. Kf2 Bf8 24. Nb1 Bc5+ 25. Ke2 Kf7 26. Rfd1 Rxd1 27. Rxd1 Rb8 28. Be1 Ke7 29. Bf2 Bb6 30. a4 h5 31. h4 Rg8 32. Bxb6 axb6 33. Rh1 Ra8 34. Nc3 Rh8 35. Ke3 Rd8 36. Rd1 Ra8 37. f4 exf4+ 38. gxf4 Bg4 39. Rd2 Rg8 40. Ne2 g5 41. hxg5 fxg5 42. fxg5 Rxg5 43. Kf4 Ra5 44. Ng3 Ra8 45. Nf5+ Kf7 46. Rd7+ Ke6 47. Rd6+ Kf7 48. Rxc6 Kg8 49. Rxb6 Kh8 50. Kg5 Rc8 51. c4 Rd8 52. a5 Bxf5 53. exf5 h4 54. Kxh4 Kg8 55. Kg5 Kf7 56. a6 1-0


[Site "https://www.chess.com"]

[Event "Titled Tuesday Blitz April 4 Early 2023"]
[White "Bronstein, Or"]
[Black "Kukreja, Sankalp"]
[WhiteFideId "2815770"]
[BlackFideId "45027676"]
[WhiteElo "2356"]
[BlackElo "2126"]
[Result "1-0"]
[Round "01"]
[TimeControl "180+2"]
[Date "2023.04.04"]
[WhiteClock "0:00:44"]
[BlackClock "0:00:17"]

1. c4 e5 2. Nc3 Nf6 3. Nf3 Nc6 4. e3 Bb4 5. Qc2 Bxc3 6. bxc3 d6 7. d3 Bf5 8. e4 Bg6 9. g3 O-O 10. Nh4 Qd7 11. Bg2 Rae8 12. O-O Ne7 13. a4 c6 14. a5 d5 15. cxd5 cxd5 16. Nxg6 hxg6 17. exd5 Nfxd5 18. Rb1 Rc8 19. c4 Rc7 20. Qb2 Nf6 21. Qxe5 Nc6 22. Qb5 Qxd3 23. Bf4 Nd4 24. Qe5 Rxc4 25. Kh1 Re8 26. Qd6 Qc3 27. Rxb7 Ne2 28. Bd2 Qd4 29. Qxd4 Rxd4 30. Be3 Ra4 31. Rxa7 Ng4 32. Bb6 Ra1 33. Rxa1 1-0


[Site "https://www.chess.com"]

[Event "Titled Tuesday Blitz April 4 Early 2023"]
[White "Novik, Maxim"]
[Black "Kosteniuk, Alexandra"]
[WhiteFideId "4102924"]
[BlackFideId "4128125"]
[WhiteElo "2287"]
[BlackElo "2453"]
[Result "1-0"]
[Round "01"]
[TimeControl "180+2"]
[Date "2023.04.04"]
[WhiteClock "0:01:21"]
[BlackClock "0:00:43"]

1. c4 f5 2. g3 Nf6 3. Bg2 g6 4. d4 Bg7 5. Nf3 O-O 6. O-O d6 7. Qb3 Nc6 8. Rd1 a5 9. c5+ d5 10. Bf4 a4 11. Qc2 Ne4 12. Nc3 a3 13. b3 e6 14. h4 h6 15. Nxe4 fxe4 16. Ne5 Nxe5 17. Bxe5 Bxe5 18. dxe5 Qe8 19. f4 exf3 20. exf3 Bd7 21. Rd4 Kg7 22. Re1 Bc6 23. Re3 Qe7 24. Bf1 Rac8 25. Rg4 Rf5 26. Bd3 Rcf8 27. Bxf5 Rxf5 28. b4 Qe8 29. Rxa3 Rxe5 30. Qc3 1-0


[Site "https://www.chess.com"]

[Event "Titled Tuesday Blitz April 4 Early 2023"]
[White "Iskusnyh, Sergei"]
[Black "ArtemDyachuk"]
[WhiteFideId "4120027"]
[WhiteElo "2492"]
[BlackElo "2407"]
[Result "1-0"]
[Round "01"]
[TimeControl "180+2"]
[Date "2023.04.04"]
[WhiteClock "0:00:29"]
[BlackClock "0:00:02"]

1. d4 Nf6 2. c4 c5 3. d5 e6 4. Nc3 exd5 5. cxd5 d6 6. Nf3 g6 7. Nd2 Bg7 8. e4 O-O 9. Be2 Re8 10. O-O Na6 11. a4 Nb4 12. Kh1 b6 13. f3 Nh5 14. Nc4 Qh4 15. Kg1 Ba6 16. Nb5 Bxb5 17. axb5 f5 18. Be3 fxe4 19. f4 Nd3 20. Bxh5 Qxh5 21. Qxh5 gxh5 22. Nxd6 Bxb2 23. Nxe8 Rxe8 24. Ra2 Bd4 25. Re2 Kf7 26. g3 Kf6 27. Kg2 Kf5 28. Rd1 Rd8 29. Bxd4 cxd4 30. Rxd3 exd3 31. Re5+ Kf6 32. Kf2 Rc8 33. d6 Rd8 34. Ke1 Rxd6 35. Kd2 Rd7 36. Kxd3 h4 37. g4 h6 38. Rh5 Kg7 39. Rxh4 Rd5 40. Rh5 Rxh5 41. gxh5 Kf6 42. Kxd4 Kf5 43. Ke3 Kf6 44. Ke4 Ke6 45. f5+ Kf6 46. Kf4 Kf7 47. Ke5 Ke7 48. f6+ Kf8 49. Ke6 1-0


[Site "https://www.chess.com"]

[Event "Titled Tuesday Blitz April 4 Early 2023"]
[White "Tarasova, Viktoriya"]
[Black "Levitskiy, Andrey"]
[WhiteFideId "4175840"]
[BlackFideId "14132885"]
[WhiteElo "2182"]
[BlackElo "2341"]
[Result "0-1"]
[Round "01"]
[TimeControl "180+2"]
[Date "2023.04.04"]
[WhiteClock "0:00:06"]
[BlackClock "0:00:12"]

1. e4 e6 2. d4 d5 3. Nc3 Bb4 4. e5 c5 5. a3 Bxc3+ 6. bxc3 Qa5 7. Bd2 Qa4 8. Nf3 Ne7 9. Bd3 b6 10. O-O Ba6 11. Be3 Bxd3 12. cxd3 Qxd1 13. Rfxd1 cxd4 14. Nxd4 Nbc6 15. Nb5 Kd7 16. f4 f6 17. exf6 gxf6 18. c4 Rac8 19. Bf2 Rhg8 20. Kf1 h5 21. Re1 Nf5 22. Re2 d4 23. a4 Rg4 24. g3 h4 25. Rae1 hxg3 26. hxg3 Re8 27. Re4 Nxg3+ 28. Bxg3 Rxg3 29. Nxd4 Nxd4 30. Rxd4+ Kc7 31. Kf2 Rh3 32. Rg1 Re7 33. Rg6 e5 34. Re4 Rxd3 35. Rxf6 Rd2+ 36. Kf3 Rd3+ 37. Kf2 Rd4 38. Rxe5 Rxf4+ 39. Rxf4 Rxe5 40. Rf7+ Kb8 41. Rf8+ Kb7 42. Rf7+ Ka6 43. Rc7 Rc5 44. Rh7 Rxc4 45. Ke3 Rxa4 46. Kd3 Ra5 47. Kc3 Rc5+ 48. Kb3 Rb5+ 49. Ka3 Ra5+ 50. Kb3 Rb5+ 51. Ka3 Rc5 52. Kb3 Re5 53. Ka3 b5 54. Rh6+ Ka5 55. Kb3 Re3+ 56. Kb2 Re7 57. Kb3 Re3+ 58. Kb2 Kb4 59. Rh4+ Ka5 60. Rh7 a6 61. Rh6 Rf3 62. Ka2 Rc3 63. Kb2 Rd3 64. Ka2 Rc3 65. Kb2 b4 66. Rg6 Rc5 67. Rh6 Kb5 68. Rh8 a5 69. Rb8+ Kc4 70. Ra8 Re5 71. Kb1 Kb3 72. Kc1 a4 73. Kd2 a3 74. Kd3 Rc5 75. Kd4 Rc1 76. Kd3 a2 77. Kd2 a1=Q 0-1


[Site "https://www.chess.com"]

[Event "Titled Tuesday Blitz April 4 Early 2023"]
[White "Schmakel, Sam"]
[Black "a-z30"]
[WhiteFideId "2039311"]
[WhiteElo "2356"]
[BlackElo "2407"]
[Result "1-0"]
[Round "01"]
[TimeControl "180+2"]
[Date "2023.04.04"]
[WhiteClock "0:00:20"]
[BlackClock "0:00:15"]

1. Nf3 d6 2. d4 Nf6 3. g3 g6 4. Bg2 Bg7 5. O-O O-O 6. Nc3 c6 7. a4 a5 8. e4 Na6 9. h3 Nb4 10. Qe2 Qc7 11. e5 Nfd5 12. Ne4 b6 13. Re1 Ba6 14. Qd2 Rad8 15. exd6 exd6 16. b3 Rfe8 17. Ba3 h6 18. Nc3 Nxc3 19. Qxc3 c5 20. Qd2 cxd4 21. Bxb4 axb4 22. Nxd4 Bxd4 23. Qxd4 Qxc2 24. Qxb6 Bc8 25. Qxb4 Be6 26. a5 Qxb3 27. Qxb3 Bxb3 28. Rxe8+ Rxe8 29. Bc6 Rc8 30. Bb7 1-0


[Site "https://www.chess.com"]

[Event "Titled Tuesday Blitz April 4 Early 2023"]
[White "Mazurkiewicz, Michal"]
[Black "Kowalczyk, Pawel"]
[WhiteFideId "1124943"]
[BlackFideId "1130641"]
[WhiteElo "2054"]
[BlackElo "2324"]
[Result "0-1"]
[Round "01"]
[TimeControl "180+2"]
[Date "2023.04.04"]
[WhiteClock "0:00:12"]
[BlackClock "0:00:44"]

1. e4 c5 2. Nf3 e6 3. d3 a6 4. g3 b5 5. Bg2 Bb7 6. O-O d6 7. Re1 Nd7 8. c3 Ngf6 9. Nbd2 Be7 10. d4 O-O 11. e5 dxe5 12. dxe5 Nd5 13. Ne4 Qc7 14. h4 Rad8 15. Bg5 Bxg5 16. hxg5 Nxe5 17. Nxe5 Qxe5 18. Nxc5 Qc7 19. Nxb7 Qxb7 20. Qb3 Qb6 21. Rad1 Ne7 22. a4 Qc5 23. axb5 axb5 24. Bf1 Rb8 25. Qb4 Qxg5 26. Bg2 Ng6 27. Rd7 h5 28. Re4 Rfd8 29. Red4 Rxd7 30. Rxd7 h4 31. Qd6 Rf8 32. Rb7 hxg3 33. Qxg3 Qc1+ 34. Kh2 Qxb2 35. Be4 Nh8 36. Qh4 f5 37. Qg3 Nf7 38. Bc6 Rc8 39. Bxb5 Qxc3 40. Bd7 Qxg3+ 41. Kxg3 Rc3+ 42. Kf4 g5# 0-1


[Site "https://www.chess.com"]

[Event "Titled Tuesday Blitz April 4 Early 2023"]
[White "Salemgareev, Tagir"]
[Black "Rizzo, Tobias"]
[WhiteFideId "24199052"]
[BlackFideId "30942691"]
[WhiteElo "2360"]
[BlackElo "2407"]
[Result "0-1"]
[Round "01"]
[TimeControl "180+2"]
[Date "2023.04.04"]
[WhiteClock "0:00:14"]
[BlackClock "0:00:22"]

1. Nf3 Nf6 2. g3 g6 3. Bg2 Bg7 4. O-O d5 5. c4 c6 6. d4 O-O 7. Nbd2 h6 8. b3 Be6 9. Bb2 Na6 10. e3 Rc8 11. Qe2 c5 12. Rfd1 Qc7 13. Rac1 Rfd8 14. e4 dxe4 15. Nxe4 Nxe4 16. Qxe4 Bf5 17. Qe2 cxd4 18. Nxd4 Bxd4 19. Bxd4 Nc5 20. Qe3 h5 21. Ba1 Nd3 22. Rc3 Nb4 23. Rxd8+ Rxd8 24. Rc1 Nc2 25. Rxc2 Bxc2 26. Qc3 Rd1+ 27. Bf1 e5 28. Qxc2 Rxa1 29. Qd2 Qc5 30. h4 Qd4 31. Qe2 Qd1 0-1


[Site "https://www.chess.com"]

[Event "Titled Tuesday Blitz April 4 Early 2023"]
[White "Mohammed, Zozek Salah Mohammed"]
[Black "polandchessplayer"]
[WhiteFideId "4803361"]
[WhiteElo "2211"]
[BlackElo "2695"]
[Result "0-1"]
[Round "01"]
[TimeControl "180+2"]
[Date "2023.04.04"]
[WhiteClock "0:01:48"]
[BlackClock "0:02:33"]

1. d4 Nf6 2. Nf3 d5 3. g3 c6 4. Bg2 g6 5. O-O Bg7 6. c4 O-O 7. Nbd2 b6 8. Ne5 Bb7 9. b3 e6 10. Ba3 Re8 11. Rc1 Nfd7 12. f4 c5 13. Ndf3 cxd4 14. cxd5 Bxd5 15. Bb2 Nxe5 16. fxe5 Nc6 17. Nxd4 Nxe5 18. e4 Bb7 19. h3 Ba6 20. Rf2 Nd3 21. Rd2 Nxb2 22. Nxe6 Nxd1 23. Nxd8 Raxd8 0-1


[Site "https://www.chess.com"]

[Event "Titled Tuesday Blitz April 4 Early 2023"]
[White "Nouri, Alekhine"]
[Black "Iljin, Timofey"]
[WhiteFideId "5216184"]
[BlackFideId "14110180"]
[WhiteElo "2151"]
[BlackElo "2382"]
[Result "0-1"]
[Round "01"]
[TimeControl "180+2"]
[Date "2023.04.04"]
[WhiteClock "0:01:08"]
[BlackClock "0:00:14"]

1. e4 e5 2. Nf3 Nc6 3. d4 exd4 4. Nxd4 Nf6 5. Nxc6 bxc6 6. Nd2 d5 7. exd5 cxd5 8. Bb5+ Bd7 9. Bxd7+ Qxd7 10. O-O Be7 11. Re1 O-O 12. b3 c6 13. Bb2 Rfe8 14. Nf3 c5 15. Qd3 d4 16. Rad1 Qg4 17. c3 Nd5 18. Ne5 Qg5 19. cxd4 cxd4 20. Qf3 Nf6 21. Rxd4 Bc5 22. Rdd1 h6 23. h3 Rad8 24. Rxd8 Rxd8 25. Nd3 Bd4 26. Bxd4 Rxd4 27. Ne5 Rd5 28. Ng4 Nxg4 29. Qxd5 Qxd5 0-1


[Site "https://www.chess.com"]

[Event "Titled Tuesday Blitz April 4 Early 2023"]
[White "Mazibuko, Khanya"]
[Black "Bashirli, Nail"]
[WhiteFideId "14321041"]
[BlackFideId "13406809"]
[WhiteElo "1873"]
[BlackElo "2322"]
[Result "0-1"]
[Round "01"]
[TimeControl "180+2"]
[Date "2023.04.04"]
[WhiteClock "0:00:11"]
[BlackClock "0:00:09"]

1. e4 Nf6 2. e5 Nd5 3. d4 d6 4. exd6 exd6 5. c4 Nb6 6. Nc3 Be7 7. Bd3 O-O 8. Nge2 Bf6 9. O-O Re8 10. b3 Nc6 11. Be3 Bg4 12. Qd2 d5 13. c5 Nc8 14. h3 Bxe2 15. Nxe2 N8e7 16. b4 a6 17. Rab1 Qd7 18. g4 Ng6 19. Bxg6 hxg6 20. Rfe1 Bh4 21. Nf4 Re4 22. Ng2 g5 23. Red1 Rae8 24. a4 b5 25. cxb6 cxb6 26. b5 axb5 27. Rxb5 Na5 28. Nxh4 Nc4 29. Qa2 gxh4 30. Re1 Qc6 31. Qc2 Qd7 32. Qa2 Qd6 33. Rbb1 Nxe3 34. fxe3 Rxe3 35. Qf2 Rxe1+ 36. Rxe1 Re4 37. Qxh4 f6 38. Rxe4 dxe4 39. Qf2 Qb4 40. Qd2 Qxd2 0-1


[Site "https://www.chess.com"]

[Event "Titled Tuesday Blitz April 4 Early 2023"]
[White "EREBUNI91"]
[Black "Manukian, Artak"]
[BlackFideId "13301373"]
[WhiteElo "2689"]
[BlackElo "2130"]
[Result "1-0"]
[Round "01"]
[TimeControl "180+2"]
[Date "2023.04.04"]
[WhiteClock "0:00:54"]
[BlackClock "0:00:52"]

1. e4 c6 2. d4 d5 3. Nc3 dxe4 4. Nxe4 Nf6 5. Nxf6+ exf6 6. c3 Bd6 7. Bd3 Na6 8. Ne2 Nc7 9. O-O O-O 10. Bf4 Nd5 11. Bxd6 Qxd6 12. Qd2 Re8 13. a3 b5 14. a4 Bd7 15. axb5 cxb5 16. Ng3 a5 17. Ne4 Qb6 18. Nc5 Bc6 19. Rfe1 g6 20. Rxe8+ Rxe8 21. Re1 Qd8 22. h3 Rxe1+ 23. Qxe1 Qe7 24. Qxe7 Nxe7 25. Nb3 a4 26. Na5 Bd7 27. Nb7 f5 28. Nd6 Nd5 29. Nxb5 Bxb5 30. Bxb5 a3 31. bxa3 Nxc3 32. Bc6 Ne2+ 33. Kf1 Nxd4 34. Bd5 Kf8 35. a4 Ke7 36. a5 f6 37. a6 Nb5 38. Bc4 Na7 39. Ke2 h6 40. Ke3 g5 41. f4 Kd6 42. Bd3 Ke6 43. g3 Nc6 44. Bb5 Na7 45. Bc4+ Kd6 46. Bd3 Ke6 47. Kd4 Kd6 48. Bxf5 Nb5+ 49. Ke3 Kc5 50. Bd3 Na7 51. Ke4 1-0


[Site "https://www.chess.com"]

[Event "Titled Tuesday Blitz April 4 Early 2023"]
[White "Ramirez Vido, Robert Yorisan"]
[Black "Perez Gormaz, Matias"]
[WhiteFideId "3513823"]
[BlackFideId "3406342"]
[WhiteElo "2400"]
[BlackElo "2362"]
[Result "0-1"]
[Round "01"]
[TimeControl "180+2"]
[Date "2023.04.04"]
[WhiteClock "0:00:09"]
[BlackClock "0:00:27"]

1. f4 d5 2. Nf3 Bf5 3. g3 e6 4. Bg2 h6 5. d3 Nf6 6. O-O Be7 7. Ne5 Nbd7 8. Nc3 Bh7 9. Nxd7 Qxd7 10. e4 dxe4 11. dxe4 Bc5+ 12. Kh1 Qxd1 13. Nxd1 Bxe4 14. Be3 Bb6 15. Bxb6 axb6 16. Nc3 Bxg2+ 17. Kxg2 O-O-O 18. Rad1 c6 19. Kf3 b5 20. Rxd8+ Rxd8 21. Rd1 Rxd1 22. Nxd1 Nd5 23. c3 Kd7 24. Ke4 Nb6 25. Kd4 Kd6 26. Nf2 c5+ 27. Kd3 Nc4 28. Ne4+ Kd5 29. b3 Nb2+ 30. Ke3 Nd1+ 31. Kf3 f5 32. c4+ bxc4 33. bxc4+ Kc6 34. Nd2 b6 35. h3 Kd6 36. g4 g6 37. g5 h5 38. a3 e5 39. fxe5+ Kxe5 40. Ke2 Nc3+ 41. Kd3 Ne4 42. Nf3+ Kf4 43. Nh4 Kxg5 44. Ke3 Kxh4 0-1


[Site "https://www.chess.com"]

[Event "Titled Tuesday Blitz April 4 Early 2023"]
[White "Matinian, Nikita"]
[Black "Mika, Tomasz"]
[WhiteFideId "24129100"]
[BlackFideId "1132970"]
[WhiteElo "2422"]
[BlackElo "2179"]
[Result "1-0"]
[Round "01"]
[TimeControl "180+2"]
[Date "2023.04.04"]
[WhiteClock "0:01:34"]
[BlackClock "0:00:01"]

1. e4 c6 2. d4 d5 3. e5 Bf5 4. Nf3 e6 5. Be2 c5 6. Be3 Qb6 7. Nc3 Nc6 8. Na4 Qa5+ 9. c3 c4 10. O-O Nge7 11. b4 Qc7 12. Nh4 Be4 13. f3 Bg6 14. f4 Nf5 15. Nxf5 Bxf5 16. g4 Be4 17. f5 Be7 18. Nc5 Bxc5 19. bxc5 g6 20. fxe6 fxe6 21. Rf6 Qe7 22. g5 O-O-O 23. Bg4 Bf5 24. Bxf5 gxf5 25. Qh5 Rdg8 26. Kh1 Qe8 27. Qxe8+ Rxe8 28. h4 Rhg8 29. h5 Re7 30. Kh2 Nb8 31. Kh3 Nd7 32. Kh4 Nxf6 33. exf6 Rf7 34. Bf4 h6 35. Rg1 hxg5+ 36. Rxg5 Rgf8 37. Be5 Kd7 38. h6 Rh8 39. Kh5 Ke8 40. Rg7 Rh7 41. Kg6 Rxf6+ 42. Bxf6 1-0


[Site "https://www.chess.com"]

[Event "Titled Tuesday Blitz April 4 Early 2023"]
[White "Deuer, Marius"]
[Black "Vlassov, Nikolai"]
[WhiteFideId "16236432"]
[BlackFideId "4103360"]
[WhiteElo "2163"]
[BlackElo "2324"]
[Result "0-1"]
[Round "01"]
[TimeControl "180+2"]
[Date "2023.04.04"]
[WhiteClock "0:00:18"]
[BlackClock "0:00:46"]

1. c4 e5 2. b3 Nc6 3. Bb2 f5 4. g3 Nf6 5. Bg2 Bc5 6. e3 d6 7. Ne2 h5 8. d4 Bb4+ 9. Bc3 a5 10. Bxc6+ bxc6 11. dxe5 dxe5 12. Qxd8+ Kxd8 13. a3 Bxc3+ 14. Nbxc3 Rb8 15. Rb1 Ke7 16. O-O Be6 17. f4 Ng4 18. Nd1 Bxc4 19. Re1 Rxb3 20. Rc1 Bd5 21. h3 Nxe3 22. Nec3 Nxd1 23. Nxd5+ cxd5 24. Rcxd1 e4 25. Rxd5 Kf6 26. Kf1 Rxg3 27. Rc1 Rf3+ 28. Kg2 Rxf4 29. Rc6+ Kg5 30. Rxc7 g6 31. Rxa5 Rb8 32. Rc2 Rf3 33. Ra6 Rbb3 34. h4+ Kxh4 35. Rxg6 Rg3+ 0-1


[Site "https://www.chess.com"]